 Dungeon Crawl Stone Soup version 0.23-a0-307-gc3b755d (webtiles) character file.

15431 namelastname112 the Carver (level 12, -2/110 HPs)
             Began as a Pale Draconian Chaos Knight on Oct 10, 2018.
             Was a Plaything of Xom.
             Slain by a white ugly thing (23 damage)
             ... on level 11 of the Dungeon.
             The game lasted 00:23:11 (9300 turns).

namelastname112 the Carver (DrCK)                   Turns: 9300, Time: 00:23:11

Health: -2/110     AC: 11    Str: 14    XL:     12   Next: 1%
Magic:  13/13      EV: 18    Int: 14    God:    Xom [...*..]
Gold:   806        SH:  0    Dex: 15    Spells: 11/11 levels left

rFire    + . .     SeeInvis .   Q - +4 arc blade {discharge, rElec}
rCold    . . .     Gourm    .   (no shield)
rNeg     . . .     Faith    .   (armour unavailable)
rPois    .         Spirit   .   m - +2 hat
rElec    +         Reflect  .   N - +0 cloak
rCorr    .         Harm     .   (no gloves)
MR       .....                  (no boots)
Stlth    +.........             d - amulet of regeneration
HPRegen  0.68/turn              j - ring of protection from fire
MPRegen  0.13/turn              A - +2 ring of slaying

@: short of breath, slowed, very slow
A: breathe steam, unfitting armour, hooves 1, blurry vision 1, clever 1, weak 1,
cold-blooded, AC +8
a: Breathe Steam, Renounce Religion


You were on level 11 of the Dungeon.
You worshipped Xom.
You were a favourite toy of Xom.
You were not hungry.

You visited 1 branch of the dungeon, and saw 11 of its levels.
You also visited: Labyrinth and Sewer.

You collected 806 gold pieces.

Inventory:

Hand Weapons
 J - a +4 scimitar of flaming
 L - a +5 demon blade
 Q - the +4 arc blade (weapon) {discharge, rElec}
   (You took it off a minotaur in a labyrinth)

   It insulates you from electricity.
Armour
 m - a +2 hat (worn)
 N - a +0 cloak (worn)
Jewellery
 d - an amulet of regeneration (around neck)
 f - an uncursed amulet of magic regeneration {unknown}
 j - a ring of protection from fire (left hand)
 A - a +2 ring of slaying (right hand)
 E - an uncursed amulet of magic regeneration {unknown}
 O - an uncursed amulet of rage {unknown}
 P - a +5 ring of dexterity {unknown}
 S - a cursed -2 ring of strength {unknown}
 T - a +5 ring of dexterity {unknown}
 U - an uncursed ring of wizardry {unknown}
Wands
 g - a wand of enslavement (15)
 v - a wand of flame (41)
 w - a wand of clouds (3)
 y - a wand of random effects (23)
 z - a wand of digging (15)
 D - a wand of scattershot (5)
 G - a wand of paralysis (9)
 I - a wand of iceblast (6)
 M - a wand of polymorph (15)
 R - a wand of acid (14)
Scrolls
 a - 3 scrolls of amnesia
 c - 7 scrolls of teleportation
 e - 2 scrolls of remove curse
 l - 3 scrolls of magic mapping
 n - a scroll of enchant weapon {unknown}
 t - 2 scrolls of enchant armour
 u - a scroll of fear
 x - a scroll of identify
 C - 2 scrolls of immolation
 H - a scroll of blinking
 K - a scroll of fog
Potions
 h - 2 potions of lignification
 i - a potion of cancellation
 k - a potion of haste
 p - 3 potions of brilliance {unknown}
 q - 3 potions of agility {unknown}
 r - a potion of might {unknown}
 s - 8 potions of curing
 B - a potion of resistance {unknown}
 F - 2 potions of magic
 V - a potion of flight
Comestibles
 b - 7 rations


   Skills:
 + Level 11.1 Fighting
 * Level 13.6 Long Blades
 + Level 9.3 Dodging
 + Level 2.5 Evocations


You had 11 spell levels left.
You didn't know any spells.
Your spell library contained the following spells:

 Spells                   Type           Power        Failure   Level  Hunger
 Flame Tongue             Conj/Fire      #....        28%         1    ##.....
 Cause Fear               Hex            #.........   96%         4    #####..
 Bolt of Fire             Conj/Fire      #.........   100%        6    #######
 Dragon Form              Tmut           #.........   100%        7    #######
 Dragon's Call            Summ           #.........   100%        9    #######


Dungeon Overview and Level Annotations

Branches:
Dungeon (11/15)            Temple (0/1) D:7
   Lair: D:8-11         Orc: D:9-12

Altars:
Dithmenos
Elyvilon
Hepliaklqana
Makhleb
Okawaru
Qazlal
Ru
Trog
Uskayaw
Wu Jian
Xom
Yredelemnul
Zin
The Shining One

Shops:
D:10 *


Innate Abilities, Weirdness & Mutations

You can breathe blasts of scalding, opaque steam.
Your pale cyan-grey scales are hard. (AC +8)
You cannot fit into any form of body armour.
You are cold-blooded and may be slowed by cold attacks.
You have large cloven feet.
Scrolls take you a little longer to read.
Your mind is acute. (Int +2)
You are weak. (Str -2)


Message History

You take 33 damage, and have 28/110 hp.
MASSIVE DAMAGE!!
Okay, then.
Unknown command.
Unknown command.
You feel much better.
The white ugly thing is engulfed in a cloud of scalding steam.
The white ugly thing trunk-slaps you! The white ugly thing freezes you!!
You feel as though you will be slow longer.
* * * LOW HITPOINT WARNING * * *
The white ugly thing is engulfed in a cloud of scalding steam.
The white ugly thing trunk-slaps you but does no damage.
The worker ant is engulfed in a cloud of scalding steam.
You take 7 damage, and have 21/110 hp.
Really read with blurry vision while enemies are nearby?
The white ugly thing is engulfed in a cloud of scalding steam.
The white ugly thing trunk-slaps you.
* * * LOW HITPOINT WARNING * * *
The white ugly thing freezes you!!
You die...
Xom thinks this is hilarious!

########## #.........
########.#############
#........#...........# #
.....................#.#
#.#....#....<#..........
#.#..#......##.###.....#
#.#..#......##.###.....#
..##.#......##..@......#
..........#......u$....#
.###.............a§###.#
.##...<....#..>....§.
...........#.......##a#
∩##........#....#### #
.##.##.#.######.#
.........#### ... ####
.........#Y..# #...#


You could see a white ugly thing and a worker ant.

Vanquished Creatures
  Gastronok (D:8)
  A minotaur (Lab)
  Erica (D:10)
  A dancing weapon (D:10)
  A two-headed ogre (D:9)
  Urug (D:10)
  A wizard (D:10)
  Pikel (D:4)
  An orc knight (D:10)
  A gargoyle (Lab)
  A troll (D:10)
  Prince Ribbit (D:8)
  A hornet (D:8)
  2 hippogriffs
  A shadow (Lab)
  Sigmund (D:3)
  A wyvern (D:10)
  4 basilisks (Lab)
  8 hungry ghosts (Lab)
  A naga (D:6)
  3 slaves (D:4)
  2 phantoms
  7 orc warriors
  3 ice beasts
  2 sky beasts
  2 eyes of draining
  5 ogres
  2 necrophages
  5 centaurs
  3 big kobolds
  6 bullfrogs
  An earth elemental (Lab)
  A wyvern skeleton (D:7)
  A scorpion (D:10)
  7 wights
  3 crimson imps
  4 lava snakes (Lab)
  4 centaur zombies
  A quasit (D:5)
  4 hounds
  3 jellies
  11 orc priests
  4 iguanas
  15 orc wizards
  4 worker ants
  2 hound zombies
  A hound skeleton (D:5)
  A howler monkey zombie (D:10)
  Robin (D:3)
  9 gnolls
  2 worker ant zombies
  19 adders
  6 river rats
  4 shadow imps
  2 oozes
  2 adder zombies
  2 worms (D:5)
  5 dart slugs
  8 leopard geckos
  34 orcs
  8 bats
  7 giant cockroaches
  12 goblins
  10 hobgoblins
  16 jackals
  34 kobolds
  5 quokkas
  7 ball pythons
  7 frilled lizards
  A giant cockroach zombie (D:6)
  A jackal skeleton (D:7)
  A leopard gecko zombie (D:3)
  A quokka skeleton (D:4)
  28 rats
370 creatures vanquished.

Vanquished Creatures (collateral kills)
  A gargoyle (Lab)
  Grinder (D:3)
  An orc warrior (D:6)
  2 gnoll sergeants (D:6)
  3 wights (D:6)
  2 hounds (D:6)
  A killer bee zombie (D:6)
  3 gnolls (D:6)
  An adder (D:3)
  A worm (D:3)
  An orc (D:6)
  3 goblins (D:3)
  4 hobgoblins
24 creatures vanquished.

Vanquished Creatures (others)
  A bullfrog (D:10)
  A scorpion (D:4)
  2 fungi (D:11)
4 creatures vanquished.

Grand Total: 398 creatures vanquished

Notes
Turn   | Place    | Note
-------+----------+-------------------------------------------
     0 | D:1      | namelastname112 the Draconian Chaos Knight began the quest
                  | for the Orb.
     0 | D:1      | Reached XP level 1. HP: 19/19 MP: 1/1
    49 | D:1      | XOM: cloud trail
   158 | D:1      | Reached XP level 2. HP: 26/26 MP: 2/2
   161 | D:1      | XOM: divination: detect items
   414 | D:1      | XOM: harmless Pois miscast
   432 | D:1      | XOM: harmless Conj miscast
   464 | D:1      | XOM: harmless Ice miscast
   634 | D:2      | XOM: noise
   675 | D:2      | Reached XP level 3. HP: 26/33 MP: 3/3
   710 | D:2      | Found a bloodstained altar of Trog.
   783 | D:2      | XOM: silly message
   784 | D:2      | XOM: divination: magic mapping
   866 | D:2      | Reached skill level 4 in Long Blades
  1296 | D:3      | Reached XP level 4. HP: 40/40 MP: 4/4
  1321 | D:3      | Noticed Sigmund
  1338 | D:3      | Killed Sigmund
  1338 | D:3      | Reached skill level 5 in Long Blades
  1338 | D:3      | Reached XP level 5. HP: 34/47 MP: 5/5
  1419 | D:3      | XOM: cast spell 'Alistair's Intoxication'
  1468 | D:2      | XOM: give mutations
  1468 | D:2      | Gained mutation: You have large cloven feet. [Xom's
                  | mischief]
  1468 | D:2      | Gained mutation: You tend to lose your temper in combat.
                  | [Xom's mischief]
  1468 | D:2      | Gained mutation: You are weak. (Str -2) [Xom's mischief]
  1468 | D:2      | Gained mutation: Scrolls take you a little longer to read.
                  | [Xom's mischief]
  1496 | D:3      | Reached XP level 6. HP: 52/53 MP: 6/6
  1796 | D:3      | XOM: mild Air miscast
  1858 | D:3      | Noticed Grinder
  1864 | D:3      | Paralysed by Grinder for 3 turns
  1865 | D:3      | Noticed Robin
  1888 | D:3      | Killed Grinder
  1888 | D:3      | Reached skill level 5 in Fighting
  1888 | D:3      | Reached skill level 6 in Long Blades
  1888 | D:3      | Your scales start taking on a pale cyan-grey colour.
  1888 | D:3      | Reached XP level 7. HP: 34/61 MP: 7/7
  1901 | D:3      | Killed Robin
  2175 | D:4      | XOM: divine lightning
  2260 | D:4      | XOM: blink monster(s)
  2342 | D:4      | Found a glowing drain.
  2346 | Sewer    | Entered a sewer
  2820 | Sewer    | XOM: harmless Ice miscast
  2850 | Sewer    | XOM: divination: detect creatures
  2957 | D:4      | Noticed Pikel
  2967 | D:4      | XOM: potion effect (might)
  2979 | D:4      | Killed Pikel
  2979 | D:4      | Reached skill level 7 in Long Blades
  2979 | D:4      | Reached skill level 5 in Dodging
  2979 | D:4      | Reached XP level 8. HP: 31/71 MP: 8/8
  3029 | D:4      | XOM: divination: magic mapping
  3117 | D:4      | Found a shadowy altar of Dithmenos.
  3356 | D:4      | Reached skill level 8 in Long Blades
  3516 | D:5      | Entered Level 5 of the Dungeon
  3545 | D:5      | Found an iron altar of Okawaru.
  3551 | D:5      | XOM: god gift: robe {god gift}
  3582 | D:5      | XOM: confuse monster(s)
  4019 | D:5      | Reached XP level 9. HP: 79/79 MP: 9/9
  4029 | D:5      | Reached skill level 9 in Long Blades
  4329 | D:6      | Found a hazy altar of Hepliaklqana.
  4429 | D:6      | XOM: god gift: wand of enslavement (15)
  4442 | D:6      | XOM: smoke on damage
  4446 | D:6      | XOM: polymorph ice beast -> naga
  4519 | D:6      | XOM: summons 9 friendly demons
  4784 | D:6      | XOM: butterfly on damage
  4787 | D:6      | Found a stormy altar of Qazlal.
  4890 | D:6      | Found a hide-covered altar of Uskayaw.
  4939 | D:6      | XOM: give mutation
  4939 | D:6      | Gained mutation: Your mind is acute. (Int +2) [Xom's grace]
  5028 | D:6      | XOM: mild Summ miscast
  5031 | D:6      | XOM: smoke on damage
  5055 | D:6      | Found a burning altar of Makhleb.
  5087 | D:6      | Reached skill level 10 in Long Blades
  5132 | D:6      | Found a shimmering altar of Xom.
  5525 | D:6      | Found a sacrificial altar of Ru.
  5528 | D:6      | XOM: god gift: wand of scattershot (7)
  5781 | D:7      | Reached XP level 10. HP: 90/90 MP: 10/10
  5795 | D:7      | XOM: summons 4 friendly demons
  6022 | D:7      | XOM: potion effect (agility)
  6028 | D:7      | XOM: 6-stop teleportation journey
  6217 | D:7      | Reached skill level 11 in Long Blades
  6298 | D:7      | Found a glowing silver altar of Zin.
  6298 | D:7      | Found a white marble altar of Elyvilon.
  6299 | D:7      | Found a glowing golden altar of the Shining One.
  6363 | D:7      | Found a staircase to the Ecumenical Temple.
  6434 | D:7      | XOM: give mutation
  6434 | D:7      | Lost mutation: You tend to lose your temper in combat.
                  | [Xom's grace]
  6497 | D:8      | Noticed Gastronok
  6503 | D:8      | XOM: 5-stop teleportation journey
  6511 | D:8      | Killed Gastronok
  6669 | D:8      | Noticed Prince Ribbit
  6677 | D:8      | Killed Prince Ribbit
  6677 | D:8      | Reached skill level 12 in Long Blades
  6840 | D:9      | Found an ornate altar of the Wu Jian Council.
  6895 | D:9      | XOM: mild Air miscast
  6902 | D:9      | XOM: mild Fire miscast
  7091 | D:9      | Reached XP level 11. HP: 97/97 MP: 11/11
  7262 | D:9      | Noticed a two-headed ogre
  7268 | D:9      | Killed a two-headed ogre
  7268 | D:9      | Reached skill level 10 in Fighting
  7324 | D:9      | XOM is BORED!
  7324 | D:9      | XOM: noise
  7559 | D:9      | Found a basalt altar of Yredelemnul.
  7599 | D:10     | Entered Level 10 of the Dungeon
  7869 | D:10     | Noticed an enchanted demon blade
  7870 | D:10     | Noticed Urug
  7870 | D:10     | Noticed Erica
  7871 | D:10     | Noticed a wizard
  7871 | D:10     | Noticed an orc knight
  7882 | D:10     | XOM is BORED!
  7882 | D:10     | XOM: blink monster(s)
  7898 | D:10     | XOM: summons 3 friendly demons
  7911 | D:10     | Killed an orc knight
  7912 | D:10     | Killed Urug
  7922 | D:10     | Killed Erica
  7926 | D:10     | Killed a wizard
  7926 | D:10     | Reached skill level 13 in Long Blades
  7987 | D:10     | HP: 6/151 [enchanted demon blade (17)]
  7988 | D:10     | Killed an enchanted demon blade
  8087 | D:10     | XOM: god gift: glowing fustibalus {god gift}
  8244 | D:10     | Found Hompuel's General Store.
  8414 | D:10     | Found a basalt altar of Yredelemnul.
  8530 | D:11     | Noticed a catoblepas
  8569 | D:11     | Found a labyrinth entrance.
  8577 | Lab      | Entered a labyrinth
  8583 | Lab      | XOM: cast spell 'Summon Hydra'
  8673 | Lab      | XOM: 1-stop teleportation journey
  8676 | Lab      | XOM: swap monsters
  8689 | Lab      | XOM: harmless Erth miscast
  8699 | Lab      | Reached skill level 1 in Evocations
  8706 | Lab      | XOM: noise
  8735 | Lab      | Found an exit through the horrors of the Abyss.
  8735 | Lab      | XOM: harmless Pois miscast
  8739 | Lab      | XOM: noise
  8866 | Lab      | XOM: cloud trail
  8914 | Lab      | XOM: god gift: 16 gold pieces
  8935 | Lab      | XOM: potion effect (might)
  9009 | Lab      | Noticed a minotaur
  9028 | Lab      | XOM: butterfly on damage
  9048 | Lab      | Killed a minotaur
  9048 | Lab      | Reached XP level 12. HP: 38/110 MP: 13/13
  9300 | D:11     | Slain by a white ugly thing

Vault maps used:
D:1:      roderic_dead_forest, minmay_misc_feat_secret_circle,
          minmay_close_crescents
D:2:      bloody_trog, hangedman_decor_riveting
D:3:      serial_undead, serial_undead_f, serial_undead_d, serial_undead_b,
          serial_undead_b, uniq_robin, uniq_grinder, uniq_sigmund
D:4:      nicolae_dithmenos_the_darkroom, first_ration, gup_sewer_entry_bowl,
          minmay_statues_item, uniq_pikel
D:5:      okawaru_trees_1
D:6:      kennysheep_housing_project, marbit_many_paths,
          lemuel_coloured_pillars_altar, nicolae_overflow_quartered_altars,
          kennysheep_nondescript
D:7:      good_gods_mini_temple, minmay_temple_entry_nine_rooms
D:8:      grunt_pizzeria, uniq_prince_ribbit1, uniq_gastronok
D:9:      hangedman_feature_mirror
D:10:     basic_altar, serial_shops, nicolae_shop_stone, sword_in_stone
D:11:     nzn_motion_control, due_lair_maze_entry_diamond, special_room,
          serial_curves, eino_curves_03, eino_curves_01, lab_entry_generic
Lab:      nicolae_lab_dead_adventurers, nicolae_lab_quarters, lab_block,
          nicolae_lab_diamond, lab_hedge, nicolae_lab_statue, nicolae_lab_plus,
          nicolae_lab_arrow, nicolae_lab_do_over, nicolae_lab_very_dead_end,
          labyrinth_skeletal_remains, nicolae_lab_swirl, nicolae_lab_starburst,
          nicolae_lab_blocks, nicolae_lab_hexagon, nicolae_lab_dead_end,
          labyrinth_fake_exit, nicolae_lab_checkerboard,
          nicolae_lab_flowing_pool, labyrinth_lava_lair, nicolae_lab_x
Sewer:    sewer_minmay_treatment

Skill      XL: |  1  2  3  4  5  6  7  8  9 10 11 |
---------------+----------------------------------+-----
Long Blades    | 4 5 6 7 8 10 12 13 | 13.6
Fighting       | 4 5 6 7 8 9 11 | 11.1
Dodging        | 3 5 6 8 9 |  9.3
Evocations     | 2 |  2.5

Action                   |  1- 3 |  4- 6 |  7- 9 | 10-12 || total
-------------------------+-------+-------+-------+-------++-------
Melee: Falchion          |    98 |    95 |   379 |       ||   572
       Tailslap          |     8 |    12 |    73 |    50 ||   143
       Kick              |       |     8 |   111 |   104 ||   223
       Scimitar          |       |       |    63 |   262 ||   325
       Demon blade       |       |       |       |   102 ||   102
       Rapier            |       |       |       |     1 ||     1
 Abil: Breathe Steam     |       |       |     8 |     9 ||    17
Evoke: Wand              |       |       |       |    22 ||    22
  Use: Potion            |       |     1 |       |     9 ||    10
       Scroll            |       |       |    12 |     8 ||    20
 Stab: Sleeping          |     1 |       |       |     1 ||     2
       Paralysed         |       |       |     2 |       ||     2
       Confused          |       |       |     3 |     2 ||     5
       Petrifying        |       |       |     1 |       ||     1
  Eat: Chunk             |     1 |     2 |    11 |     8 ||    22
       Ration            |       |       |     1 |     3 ||     4
Armor: Skin              |    33 |    28 |   130 |    75 ||   266
Dodge: Dodged            |    71 |    91 |   353 |   206 ||   721
       Rpst.: Falchion   |    24 |    31 |    83 |       ||   138
       Scimitar          |       |       |    14 |    34 ||    48
       Demon blade       |       |       |       |     8 ||     8

Table legend:
 A = Non-vault XP
 B = Vault XP
 C = Vault XP percentage of total XP
 D = Non-vault monster count
 E = Vault monster count
 F = Vault count percentage of total count
                 A         B        C        D         E       F
            +---------+---------+-------+---------+---------+-------
      Total |    8936 |   13109 |  59.5 |     257 |     135 |  34.4
            +---------+---------+-------+---------+---------+-------
        D:1 |      30 |       3 |   9.1 |      19 |       2 |   9.5
        D:2 |      58 |       0 |   0.0 |      20 |       0 |   0.0
        D:3 |     202 |     504 |  71.4 |      35 |      18 |  34.0
        D:4 |     356 |     705 |  66.4 |      20 |       5 |  20.0
        D:5 |    1038 |       0 |   0.0 |      35 |       0 |   0.0
        D:6 |    1221 |     887 |  42.1 |      30 |      31 |  50.8
        D:7 |    1486 |       0 |   0.0 |      26 |       0 |   0.0
        D:8 |     796 |    2742 |  77.5 |       7 |       3 |  30.0
        D:9 |    1720 |     219 |  11.3 |      36 |       2 |   5.3
       D:10 |    2029 |    3324 |  62.1 |      29 |       5 |  14.7
        Lab |       0 |    4487 | 100.0 |       0 |      21 | 100.0
      Sewer |       0 |     238 | 100.0 |       0 |      48 | 100.0
            +---------+---------+-------+---------+---------+-------
